 Dungeon Crawl Stone Soup version 0.24-a0-525-g9231cdcba1 (webtiles) character file.

Game seed: 5425026436999246052

620561 Jorbantar the Petrodigitator (level 27, -12/172 HPs)
             Began as a Gargoyle Earth Elementalist on Aug 4, 2019.
             Was the Champion of Vehumet.
             Killed by the power of Zot (33 damage)
             ... on level 1 of the Tomb of the Ancients.
             The game lasted 04:31:28 (86604 turns).

Jorbantar the Petrodigitator (GrEE)                Turns: 86604, Time: 04:31:28

Health: -12/172    AC: 47    Str: 25    XL:     27
Magic:  27/55      EV: 15    Int: 43    God:    Vehumet [******]
Gold:   6925       SH: 14    Dex: 10    Spells: 26/64 levels left

rFire    . . .     SeeInvis .   y - staff of energy
rCold    . . .     Gourm    .   L - +0 shield {AC+3}
rNeg     + + +     Faith    .   n - +1 chain mail of the Gardener {rElec rN+ MR+ MP+9}
rPois    ∞         Spirit   .   T - +2 helmet {Int+3}
rElec    +         Reflect  .   t - scarf {cloud immunity}
rCorr    .         Harm     .   (no gloves)
MR       +++..                  m - +2 pair of boots {run}
Stlth    ..........             v - amulet "Koxzyog" {Acrobat Str+7 Int+2 Slay-4}
HPRegen  0.38/turn              M - ring of the Traitor {Fire Str+4 Int+2}
MPRegen  0.34/turn              X - ring of Acyjad {rPois rF- rC+ rN+ Int+9}

@: marked, flying, slowed, invisible, very slow
A: big wings, negative energy resistance 1, electricity resistance, unbreathing,
petrification resistance, rot immunity, AC +20
}: 3/15 runes: serpentine, barnacled, silver
a: Stop Flying, Renounce Religion


You were on level 1 of the Tomb of the Ancients.
You worshipped Vehumet.
Vehumet was exalted by your worship.
You were very hungry.

You visited 12 branches of the dungeon, and saw 48 of its levels.
You also visited: Sewer and Ice Cave.

You collected 8697 gold pieces.
You spent 1772 gold pieces at shops.

Inventory:

Missiles
 b - 741 stones (quivered)
Armour
 m - a +2 pair of boots of running (worn)
 n - the +1 chain mail of the Gardener (worn) {rElec rN+ MR+ MP+9}
   (You found it on level 3 of the Elven Halls)

   It insulates you from electricity.
   It protects you from negative energy.
   It affects your resistance to hostile enchantments.
   It affects your magic capacity (+9).
 t - a scarf of cloud immunity (worn)
 E - +0 gold dragon scales
 G - the +0 pair of boots of Life {Regen+}
   (You found it on level 1 of the Depths)

   It increases your rate of regeneration.
 I - a +2 buckler of protection
 L - a +0 shield of protection (worn)
 T - a +2 helmet of intelligence (worn)
Magical Staves
 y - an uncursed staff of energy (weapon)
Jewellery
 p - an uncursed ring of protection from fire
 s - a +2 amulet of reflection
 v - the amulet "Koxzyog" (around neck) {Acrobat Str+7 Int+2 Slay-4}
   (You took it off a vampire mage on level 2 of the Depths)

   [amulet of the acrobat]

   It helps you evade while moving and waiting.
   It affects your strength (+7).
   It affects your intelligence (+2).
   It affects your accuracy and damage with ranged weapons and melee attacks
   (-4).
 M - the ring of the Traitor (left hand) {Fire Str+4 Int+2}
   (You found it on level 3 of the Elven Halls)

   [ring of fire]

   It enhances your fire magic.
   It affects your strength (+4).
   It affects your intelligence (+2).
   It protects you from fire.
   It makes you vulnerable to cold.
 O - an uncursed amulet of the acrobat
 Q - an uncursed ring of see invisible
 X - the ring of Acyjad (right hand) {rPois rF- rC+ rN+ Int+9}
   (You found it on level 4 of the Snake Pit)

   [ring of positive energy]

   It affects your intelligence (+9).
   It makes you vulnerable to fire.
   It protects you from cold.
   It protects you from poison.
   It protects you from negative energy.
Wands
 S - a wand of digging (3)
Scrolls
 f - 5 scrolls of blinking
 i - 9 scrolls of magic mapping
 j - 2 scrolls of holy word
 k - 32 scrolls of remove curse
 l - a scroll of brand weapon
 o - 2 scrolls of silence
 q - 5 scrolls of fear
 r - 11 scrolls of amnesia
 z - 24 scrolls of teleportation
 B - 5 scrolls of fog
 K - 3 scrolls of enchant armour
 W - 5 scrolls of enchant weapon
 Z - 18 scrolls of identify
Potions
 a - 2 potions of cancellation
 e - 5 potions of ambrosia
 g - 6 potions of haste
 h - 19 potions of curing
 w - a potion of magic
 A - 8 potions of agility
 D - 11 potions of might
 H - 15 potions of brilliance
 N - 5 potions of berserk rage
 Y - 4 potions of heal wounds
Miscellaneous
 c - a lightning rod (4/4)
 u - a crystal ball of energy
 x - a phial of floods
 C - a lamp of fire
 J - 3 phantom mirrors
 P - 3 boxes of beasts
 R - a fan of gales
 U - a sack of spiders
 V - the horn of Geryon
Comestibles
 d - 51 rations


   Skills:
 + Level 17.4 Fighting
   Level 13.2 Maces & Flails
 + Level 18.3 Armour
 + Level 14.0 Dodging
 - Level 2.4 Stealth
 + Level 15.7 Shields
 + Level 19.3 Spellcasting
 - Level 10.8 Conjurations
   Level 4.0 Necromancy
 - Level 0.7 Transmutations
   Level 8.0 Fire Magic
 O Level 27 Earth Magic
 - Level 4.5 Evocations


You had 26 spell levels left.
You knew the following spells:

 Your Spells              Type           Power        Failure   Level  Hunger
a - Sandblast             Erth           ######       0%          1    None
b - Passwall              Tmut/Erth      ########     0%          2    None
c - Stone Arrow           Conj/Erth      ######       0%          3    None
d - Petrify               Tmut/Erth      ########     1%          4    None
e - Lee's Rapid Deconstr  Erth           ########..   0%          5    None
f - Iron Shot             Conj/Erth      ########..   1%          6    None
g - Shatter               Erth           ########..   1%          9    None
h - Lehudib's Crystal Sp  Conj/Erth      ########..   1%          8    None

Your spell library contained the following spells:

 Spells                   Type           Power        Failure   Level  Hunger
 Chain Lightning          Conj/Air       ######....   95%         8    None
 Fire Storm               Conj/Fire      ########..   100%        9    None
 Magic Dart               Conj           ####         0%          1    None
 Animate Skeleton         Necr           N/A          1%          1    None
 Apportation              Tloc           #####.       1%          1    None
 Beastly Appendage        Tmut           #####.       1%          1    None
 Confusing Touch          Hex            #####.       1%          1    None
 Corona                   Hex            #####..      1%          1    None
 Flame Tongue             Conj/Fire      #####        1%          1    None
 Freeze                   Ice            ####         1%          1    None
 Infusion                 Chrm           ####         1%          1    None
 Pain                     Necr           ####         1%          1    None
 Shock                    Conj/Air       ####         1%          1    None
 Summon Butterflies       Summ           #####...     1%          1    None
 Summon Small Mammal      Summ           ####         1%          1    None
 Throw Flame              Conj/Fire      ######       1%          2    None
 Throw Frost              Conj/Ice       ######       1%          2    None
 Conjure Flame            Conj/Fire      ########     1%          3    None
 Dazzling Spray           Conj/Hex       ######       1%          3    None
 Inner Flame              Hex/Fire       #######.     1%          3    None
 Mephitic Cloud           Conj/Pois/Air  ######..     1%          3    None
 Static Discharge         Conj/Air       ######..     1%          3    None
 Leda's Liquefaction      Hex/Erth       ########..   1%          4    None
 Sticky Flame             Conj/Fire      ########     1%          4    None
 Throw Icicle             Conj/Ice       ######..     1%          4    None
 Bolt of Magma            Conj/Fire/Erth ########..   1%          5    None
 Borgnjor's Vile Clutch   Necr/Erth      ########..   1%          5    None
 Fireball                 Conj/Fire      ########..   1%          5    None
 Iskenderun's Battlesphe  Conj/Chrm      ######..     1%          5    None
 Lightning Bolt           Conj/Air       ######....   1%          5    None
 Venom Bolt               Conj/Pois      ######....   1%          5    None
 Blink                    Tloc           N/A          2%          2    None
 Call Imp                 Summ           #####...     2%          2    None
 Shroud of Golubria       Chrm/Tloc      #####.       2%          2    None
 Slow                     Hex            #####...     2%          2    None
 Song of Slaying          Chrm           #####...     2%          2    None
 Sticks to Snakes         Tmut           #####...     2%          2    None
 Swiftness                Chrm/Air       #####...     2%          2    None
 Regeneration             Chrm/Necr      ######....   2%          3    None
 Animate Dead             Necr           N/A          3%          4    None
 Spider Form              Tmut/Pois      #####.....   4%          3    None
 Call Canine Familiar     Summ           #####...     5%          3    None
 Confuse                  Hex            #####...     5%          3    None
 Gell's Gravitas          Tloc           #####.....   5%          3    None
 Ozocubu's Armour         Chrm/Ice       #####...     5%          3    None
 Portal Projectile        Hex/Tloc       #####.       5%          3    None
 Recall                   Summ/Tloc      N/A          5%          3    None
 Spectral Weapon          Hex/Chrm       #####...     5%          3    None
 Summon Guardian Golem    Hex/Summ       #####...     5%          3    None
 Airstrike                Air            #####.....   5%          4    None
 Orb of Destruction       Conj           #######...   5%          7    None
 Bolt of Cold             Conj/Ice       ######....   9%          6    None
 Agony                    Necr           ######..     10%         5    None
 Yara's Violent Unravell  Hex/Tmut       #####.....   12%         5    None
 Ice Form                 Ice/Tmut       #####...     16%         4    None
 Freezing Cloud           Conj/Ice/Air   ######....   17%         6    None
 Cause Fear               Hex            #####.....   19%         4    None
 Summon Ice Beast         Ice/Summ       #####...     19%         4    None
 Summon Lightning Spire   Summ/Air       #####...     19%         4    None
 Blade Hands              Tmut           #####.....   36%         5    None
 Spellforged Servitor     Conj/Summ      ######....   38%         7    None
 Metabolic Englaciation   Hex/Ice        #####.....   45%         5    None
 Silence                  Hex/Air        #####.....   45%         5    None
 Summon Demon             Summ           #####.....   45%         5    None
 Summon Mana Viper        Hex/Summ       #####...     45%         5    None
 Death Channel            Necr           ######....   50%         6    None
 Ozocubu's Refrigeration  Ice            #####.....   54%         6    None
 Ignition                 Fire           ########..   71%         8    None
 Simulacrum               Ice/Necr       ######....   77%         6    None
 Hydra Form               Tmut           #####.....   91%         6    None
 Deflect Missiles         Chrm/Air       #####.....   96%         6    None
 Ring of Flames           Chrm/Fire      #######...   97%         7    None
 Malign Gateway           Summ/Tloc      #####.....   100%        7    None
 Monstrous Menagerie      Summ           #####.....   100%        7    None
 Summon Greater Demon     Summ           #####.....   100%        7    None
 Summon Hydra             Summ           #####.....   100%        7    None
 Borgnjor's Revivificati  Necr           ######....   100%        8    None
 Discord                  Hex            #####.....   100%        8    None
 Summon Horrible Things   Summ           #####.....   100%        8    None
 Tornado                  Air            #####.....   100%        9    None
 Statue Form              Tmut/Erth      Unusable     N/A         6    N/A

Dungeon Overview and Level Annotations

Branches:
Dungeon (15/15)            Temple (1/1) D:6            Lair (6/6) D:8
 Shoals (4/4) Lair:3        Snake (4/4) Lair:3        Slime (0/5) Lair:5
    Orc (2/2) D:12            Elf (3/3) Orc:2        Vaults (5/5) D:14
  Crypt (3/3) Vaults:2       Tomb (1/3) Crypt:3      Depths (3/5) D:15
   Hell (1/1)                 Dis (0/7) Hell            Geh (0/7) Hell
    Coc (0/7) Hell            Tar (0/7) Hell

Altars:
Ashenzari
Cheibriados
Dithmenos
Elyvilon
Fedhas
Gozag
Hepliaklqana
Kikubaaqudgha
Makhleb
Nemelex Xobeh
Okawaru
Qazlal
Ru
Sif Muna
Trog
Uskayaw
Vehumet
Wu Jian
Xom
Yredelemnul
Zin
The Shining One
Beogh
Jiyva

Shops:
D:13 (   Orc:2 (%}*[   Elf:2 !   Snake:2 (*(   Snake:4 *   Vaults:2 }
Vaults:3 !   Vaults:5 *   Depths:1 ?

Portals:
Hell: Depths:1 Depths:2 Depths:3
Pandemonium: Orc:2 Depths:1 Depths:3
Ziggurat: Depths:1
Trove: Vaults:2 (give 2 scrolls of acquirement)

Annotations:
D:6 exclusion: oklob plant
Lair:6 1 runed translucent door
Orc:1 2 transporters
Elf:1 6 runed translucent doors


Innate Abilities, Weirdness & Mutations

You are resistant to torment.
Your stone body is resilient. (AC +20)
You are immune to poison.
Your large and strong wings let you fly indefinitely.
You resist negative energy. (rN+)
You are resistant to electric shocks. (rElec)
You can survive without breathing.
You are immune to petrification.
You are immune to rotting.


Message History

The shadow slips into darkness.
The shadow flickers and vanishes!
Deactivating autopickup; reactivate with Ctrl-A.
A hellwing and a sixfirhy come into view.
You fade into invisibility!
You feel less confused.
The sixfirhy hits you but does no damage.
The death scarab bites you but does no damage.
You block the death scarab's attack. x2
The sphinx mumbles some strange words.
You resist with almost no effort.
You hear a loud "Zot"!
You block the phantasmal warrior's attack.
The mummy priest calls on the powers of darkness!
The sphinx convulses! x2; Your body is wracked with pain!
* * * LOW HITPOINT WARNING * * *
The emperor scorpion convulses! x2
You hear a loud "Zot"!
The power of Zot is invoked against you!
There is a sudden explosion of flames!
The explosion engulfs you!!
You die...

^..........#######..#.....
...........# #..#.....
...........# #..#.....
...........#. #^.......
...........#.. #..#.....
#######....##.. ##........
##...##....###'##...#.....
#..^Wn#.W34.........#..... ..
#>.#ssM.s@................
.V...#^.M.W#.HM................
#..M.##§..##M...#######[.......
#....##.3#4z.V..# #........
...W..VM..4H...^#. ..........
.....^ZZM.W.....'^.# ....#.....
#.......M.§.....#^.. .#........
.......ZW.......##.. #..#^....
#.........H.....# ## #..#.....


You could see 4 greater mummies, 2 emperor scorpions, 2 sphinxes, a mummy
priest, a jiangshi, an orange demon, 2 phantasmal warriors, a hellwing, a
freezing wraith, a sixfirhy, a hungry ghost, a chaos spawn, a wraith, a death
scarab, a necrophage, a flying skull, a mummy, a black mamba skeleton and a
titan skeleton.

Vanquished Creatures
  2 ancient liches
  Mara (Shoals:4)
  A juggernaut (Depths:2)
  13 greater mummies (Tomb:1)
  Vashnia (Snake:4)
  Bai Suzhen (Depths:3)
  Margery (Crypt:3)
  Geryon (Hell)
  2 curse toes (Crypt:3)
  2 golden dragons
  Nikola (Depths:1)
  2 liches
  7 tentacled monstrosities
  An Ice Fiend (IceCv)
  Jorgrun (D:15)
  The ghost of PeterQ the Covert, an adept GnAs of Uskayaw (Depths:1)
  5 deep elf blademasters
  6 deep elf master archers (Elf:3)
  A quicksilver dragon (Vaults:5)
  8 titans (Vaults:5)
  10 sphinxes
  Polyphemus (Shoals:3)
  2 shadow dragons
  10 ancient champions
  7 tengu reavers
  Donald (Orc:2)
  9 nagarajas
  7 fire giants
  2 storm dragons (Vaults:5)
  Roxanne (Snake:2)
  4 revenants
  7 frost giants
  An iron dragon (Vaults:5)
  8 deep elf sorcerers
  A balrug (Hell)
  A caustic shrike zombie (Depths:2)
  Aizul (Elf:3)
  The ghost of Zaque the Grappler, a journeyman TrHu of Okawaru (Orc:2)
  13 vault wardens
  5 deep elf elementalists
  Louise (Elf:3)
  A curse skull (Crypt:1)
  12 very ugly things
  15 ironheart preservers
  3 reapers (Hell)
  4 war gargoyles
  3 spriggan defenders
  19 stone giants
  5 entropy weavers
  2 vampire knights
  2 bennus (Tomb:1)
  6 deep elf annihilators
  7 deep elf demonologists
  7 spark wasps
  10 deep elf death magi
  An ettin (shapeshifter) (Vaults:5)
  5 merfolk javelineers (Shoals:4)
  13 ettins
  4 eidola
  14 jiangshi
  5 fire dragons
  A quicksilver dragon zombie (Crypt:3)
  9 mummy priests
  9 deep elf high priests
  8 ice dragons
  7 great orbs of eyes
  19 yaktaur captains
  A quicksilver dragon skeleton (Hell)
  5 merfolk impalers (Shoals:4)
  7 hydras
  8 rakshasas
  18 naga warriors
  2 spriggan air magi
  33 vault guards
  A catoblepas (Shoals:3)
  A juggernaut simulacrum (Depths:3)
  11 centaur warriors
  11 merfolk aquamancers
  8 anacondas
  2 death knights
  54 two-headed ogres
  2 merfolk avatars
  4 death yaks (Shoals:3)
  19 ogre magi
  5 death scarabs (Tomb:1)
  An alligator snapping turtle (Shoals:4)
  29 dancing weapons
  8 deep troll shamans
  2 alligators (Lair:5)
  13 deep troll earth magi
  8 vampire magi
  12 naga sharpshooters
  3 spriggan berserkers
  4 orc high priests
  A tengu warrior (Depths:2)
  3 sun demons
  A shock serpent (shapeshifter) (Depths:2)
  4 shock serpents
  10 soul eaters
  An iron golem (Hell)
  22 deep elf knights
  Sonja (Orc:1)
  2 titan skeletons
  3 shadow wraiths
  A fire crab (shapeshifter) (Vaults:1)
  29 skeletal warriors
  An iron troll (D:15)
  2 spark wasp zombies
  A spectral minotaur (Depths:3)
  A storm dragon zombie (Vaults:4)
  2 salamander mystics (Snake:4)
  6 hell knights
  A storm dragon skeleton (Hell)
  A sixfirhy (Depths:1)
  3 death drakes (Depths:3)
  A torturous demonspawn (Orc:2)
  A spectral anaconda (Depths:3)
  3 unseen horrors
  A shadow demon (Depths:1)
  26 deep trolls
  9 sea snakes
  33 deep elf archers
  2 swamp dragons
  5 flayed ghosts
  2 wizards
  2 anaconda zombies (Hell)
  An infernal demonspawn (Orc:2)
  An obsidian statue (Snake:4)
  4 glowing orange brains (Depths:3)
  2 orange crystal statues (Depths:3)
  A lindwurm (Lair:6)
  2 ghost moth zombies (Hell)
  13 ironbrand convokers
  A golden dragon skeleton (Tomb:1)
  9 naga ritualists
  10 phantasmal warriors
  4 wolf spiders
  11 orc knights
  2 wolf spider zombies
  18 mana vipers
  7 necromancers
  7 orc sorcerers (Orc:2)
  91 deep elf magi
  A frost giant zombie (Depths:3)
  27 harpies
  10 manticores
  12 salamanders
  2 shining eyes (Depths:1)
  2 stone giant zombies
  An ice statue (IceCv)
  8 cyclopes
  A fire giant skeleton (Vaults:4)
  21 ugly things
  10 elephants
  8 guardian serpents
  A dire elephant zombie (Hell)
  An iron dragon skeleton (Crypt:3)
  3 centaur zombies
  7 rust devils
  12 spiny frogs
  A gargoyle (D:13)
  11 merfolk sirens
  16 naga magi
  51 black mambas
  12 vault sentinels
  Joseph (D:7)
  A guardian serpent (shapeshifter) (D:11)
  A torpor snail (shapeshifter) (Depths:2)
  9 water nymphs
  A spiny frog (shapeshifter) (Vaults:3)
  An elephant slug zombie (Crypt:1)
  A rime drake (Lair:6)
  A spriggan zombie (Depths:2)
  10 komodo dragons
  A pale draconian zombie (Crypt:3)
  A black draconian zombie (Crypt:3)
  5 torpor snails (Lair:6)
  2 efreet
  A komodo dragon (shapeshifter) (Elf:1)
  3 spectral merfolk (Depths:3)
  A rime drake (shapeshifter) (Vaults:1)
  15 guardian mummies
  37 yaktaurs
  A black draconian skeleton (Crypt:2)
  A red devil (Hell)
  4 tengu conjurers
  11 ice devils
  13 freezing wraiths
  3 anaconda simulacra
  A catoblepas skeleton (Crypt:1)
  2 hellwings (Depths:1)
  27 merfolk
  A white draconian skeleton (Crypt:3)
  3 jumping spiders
  7 trolls
  A shadow dragon simulacrum (Vaults:3)
  A hydra zombie (Hell)
  4 tyrant leeches (Lair:6)
  A polar bear (Lair:3)
  3 wind drakes
  13 slime creatures
  4 raiju (Depths:3)
  12 blink frogs
  7 dream sheep
  A hornet (shapeshifter) (D:15)
  Grinder (Sewer)
  2 meliai zombies
  A tengu simulacrum (Vaults:3)
  A hydra skeleton (Hell)
  An alligator zombie (Crypt:3)
  An ettin zombie (Hell)
  4 snapping turtles
  An ice dragon zombie (Hell)
  11 hornets
  A satyr zombie (Crypt:2)
  2 dream sheep (shapeshifter)
  8 hippogriffs
  A fire giant simulacrum (Crypt:3)
  A fire dragon skeleton (Crypt:3)
  A frost giant simulacrum (Depths:3)
  9 redbacks
  A stone giant simulacrum (Crypt:3)
  2 spriggans (Depths:3)
  3 vampires
  2 dire elephant simulacra (IceCv)
  4 air elementals
  41 yaks
  10 shadows
  A wyvern (D:14)
  An ushabti (Tomb:1)
  2 ynoxinuls (Orc:2)
  10 fire elementals
  10 wraiths
  8 basilisks
  A death yak simulacrum (IceCv)
  22 water elementals
  3 spriggan skeletons
  A yaktaur simulacrum (Vaults:3)
  A steam dragon (shapeshifter) (Vaults:5)
  12 vampire mosquitoes
  A chaos spawn (Depths:1)
  4 hungry ghosts
  8 wargs
  A warg (shapeshifter) (Vaults:4)
  3 harpy simulacra (IceCv)
  77 nagas
  2 iron troll simulacra (IceCv)
  4 hydra simulacra
  4 swamp worms
  4 acid dragons
  A merfolk zombie (Crypt:3)
  3 spectral trolls
  A spectral spriggan (Depths:3)
  A soldier ant (D:12)
  A floating eye (shapeshifter) (Vaults:5)
  A floating eye (Depths:3)
  A water moccasin (shapeshifter) (D:14)
  10 water moccasins
  A gelid demonspawn skeleton (Crypt:1)
  4 spiny frog zombies (Hell)
  9 porcupines
  A sky beast (shapeshifter) (Vaults:3)
  A hornet zombie (D:8)
  2 snapping turtle zombies (Depths:3)
  6 ice beasts
  An ice beast (shapeshifter) (Vaults:5)
  3 sky beasts
  A black bear (Lair:1)
  3 ettin simulacra (IceCv)
  4 eyes of draining
  43 orc warriors
  8 hell hounds
  A black mamba simulacrum (Hell)
  3 swamp drakes
  3 phantoms
  An alligator simulacrum (IceCv)
  2 black bears (shapeshifter)
  27 ogres
  5 boggarts (Vaults:1)
  10 wolves
  30 centaurs
  A necrophage (D:9)
  A torpor snail zombie (Crypt:3)
  16 crocodiles
  2 komodo dragon zombies
  3 big kobolds
  9 bullfrogs
  3 earth elementals (Elf:1)
  A merfolk simulacrum (Depths:3)
  3 water moccasin skeletons
  5 scorpions
  3 human simulacra
  23 killer bees
  3 spectral ogres (Depths:3)
  An elephant simulacrum (IceCv)
  A swamp dragon simulacrum (IceCv)
  A spectral naga (Depths:3)
  19 wights
  5 howler monkeys
  4 electric eels
  2 spectral centaurs (Depths:3)
  2 bullfrog zombies
  9 crimson imps
  2 human zombies
  4 quasits
  2 draconian simulacra (IceCv)
  9 hounds
  34 orc priests
  4 jellies
  24 orc wizards
  A bullfrog skeleton (D:11)
  2 iron imps (Depths:1)
  A black bear skeleton (Crypt:2)
  8 centaur skeletons
  20 worker ants
  5 iguanas
  5 troll simulacra
  6 hell rats (Hell)
  A polar bear simulacrum (IceCv)
  A spriggan simulacrum (IceCv)
  A wolf simulacrum (IceCv)
  A naga zombie (Crypt:3)
  An acid dragon zombie (Crypt:3)
  A big kobold zombie (Sewer)
  2 centaur simulacra (IceCv)
  2 hound skeletons
  23 mummies
  A howler monkey skeleton (D:11)
  A worker ant zombie (D:11)
  7 gnolls
  18 adders
  3 naga simulacra (IceCv)
  A steam dragon skeleton (Crypt:3)
  A swamp drake skeleton (Crypt:1)
  7 shadow imps
  9 white imps
  15 ufetubi
  2 oozes
  A lava snake skeleton (Crypt:2)
  An adder skeleton (D:5)
  A worm (shapeshifter) (Depths:2)
  A worm (D:4)
  5 dart slugs
  2 leopard geckos (D:2)
  81 orcs
  13 bats
  8 giant cockroaches
  7 goblins
  5 hobgoblins
  11 jackals
  34 kobolds
  5 quokkas
  3 ball pythons
  3 frilled lizards
  A frilled lizard skeleton (Crypt:1)
  A jackal skeleton (D:4)
  A kobold zombie (Sewer)
  A leopard gecko skeleton (D:6)
  A leopard gecko zombie (D:5)
  A quokka zombie (Crypt:2)
  7 rats
  A fungus (Depths:3)
  9 plants
2433 creatures vanquished.

Vanquished Creatures (collateral kills)
  Jory (Crypt:1)
  The ghost of skumtomte the Executioner, an adept MiBe of Trog (Snake:4)
  A naga warrior (Snake:3)
  A naga sharpshooter (Snake:4)
  A shock serpent (Snake:4)
  A soul eater (Hell)
  2 naga magi
  An ice devil (Hell)
  2 nagas
  An orc (Orc:2)
12 creatures vanquished.

Vanquished Creatures (others)
  A stone giant (Depths:2)
  A dancing weapon (Elf:1)
  A harpy (Shoals:4)
  A deep elf mage (Elf:1)
  3 orc wizards
  An ufetubus (IceCv)
  4 orcs
  22 fungi
  38 plants
72 creatures vanquished.

Grand Total: 2517 creatures vanquished

Notes
Turn   | Place    | Note
-------+----------+-------------------------------------------
     0 | D:1      | Jorbantar the Gargoyle Earth Elementalist began the quest
                  | for the Orb.
     0 | D:1      | Reached XP level 1. HP: 10/10 MP: 3/3
   381 | D:1      | Reached skill level 4 in Earth Magic
   381 | D:1      | Reached XP level 2. HP: 12/15 MP: 5/5
   963 | D:1      | Reached XP level 3. HP: 15/19 MP: 6/6
  1574 | D:2      | Found a faded altar of an unknown god.
  1639 | D:2      | Reached skill level 5 in Earth Magic
  1948 | D:2      | Reached XP level 4. HP: 23/24 MP: 2/8
  3006 | D:3      | Reached XP level 5. HP: 20/28 MP: 9/9
  3160 | D:3      | Reached skill level 6 in Earth Magic
  3826 | D:3      | Found a deep blue altar of Sif Muna.
  4331 | D:4      | Reached skill level 7 in Earth Magic
  4331 | D:4      | Reached XP level 6. HP: 30/32 MP: 4/11
  5410 | D:4      | Reached XP level 7. HP: 24/36 MP: 9/13
  5412 | D:4      | Reached skill level 8 in Earth Magic
  5718 | D:5      | Entered Level 5 of the Dungeon
  5810 | D:5      | Found a glowing drain.
  5841 | Sewer    | Entered a sewer
  6250 | Sewer    | Reached skill level 9 in Earth Magic
  6281 | Sewer    | Found a burning altar of Makhleb.
  6326 | Sewer    | Noticed Grinder
  6358 | Sewer    | Killed Grinder
  6358 | Sewer    | Reached skill level 5 in Spellcasting
  6358 | Sewer    | Reached XP level 8. HP: 28/41 MP: 11/15
  6798 | D:5      | Reached skill level 10 in Earth Magic
  6946 | D:5      | Found an ornate altar of the Wu Jian Council.
  7506 | D:6      | Found a sacrificial altar of Ru.
  7506 | D:6      | Noticed an oklob plant
  7537 | D:6      | Found a staircase to the Ecumenical Temple.
  7546 | D:6      | Reached skill level 11 in Earth Magic
  7581 | D:6      | Reached XP level 9. HP: 15/45 MP: 14/18
  7727 | Temple   | Entered the Ecumenical Temple
  7842 | Temple   | Became a worshipper of Vehumet
  8183 | D:6      | HP: 2/45 [ice beast (8)]
  8184 | D:6      | Reached skill level 12 in Earth Magic
  8948 | D:7      | Learned a level 2 spell: Passwall
  8952 | D:7      | Learned a level 3 spell: Stone Arrow
  8957 | D:7      | Learned a level 4 spell: Petrify
  8963 | D:7      | Learned a level 5 spell: Lee's Rapid Deconstruction
  9387 | D:7      | Reached * piety under Vehumet
  9387 | D:7      | Offered knowledge of Shock by Vehumet.
  9391 | D:7      | Noticed Joseph
  9405 | D:7      | Killed Joseph
  9405 | D:7      | Reached skill level 13 in Earth Magic
  9407 | D:7      | Found an ornate altar of the Wu Jian Council.
  9816 | D:7      | Reached XP level 10. HP: 35/50 MP: 10/21
 10608 | D:8      | Reached ** piety under Vehumet
 10608 | D:8      | Offered knowledge of Throw Flame by Vehumet.
 10612 | D:8      | Learned a level 2 spell: Throw Flame
 10772 | D:8      | Reached skill level 14 in Earth Magic
 11016 | D:8      | Found a staircase to the Lair.
 11020 | D:8      | Got a dazzling mace
 11021 | D:8      | Identified the +8 mace of the Skies Above {pain, MR+ Str+2
                  | Int+3} (You found it on level 8 of the Dungeon)
 11059 | Lair:1   | Entered Level 1 of the Lair of Beasts
 11126 | D:8      | Reached skill level 1 in Fighting
 11126 | D:8      | Reached skill level 1 in Maces & Flails
 11126 | D:8      | Reached skill level 1 in Armour
 11126 | D:8      | Reached skill level 1 in Conjurations
 11868 | Lair:1   | Noticed a spiny frog
 11873 | Lair:1   | Killed a spiny frog
 12007 | Lair:1   | Noticed a spiny frog
 12009 | Lair:1   | Killed a spiny frog
 12009 | Lair:1   | Reached XP level 11. HP: 58/58 MP: 13/23
 14019 | Lair:3   | Reached skill level 15 in Earth Magic
 14255 | Lair:3   | Offered knowledge of Static Discharge by Vehumet.
 14430 | Lair:3   | Found a staircase to the Snake Pit.
 14638 | Lair:3   | Found a staircase to the Shoals.
 14967 | Shoals:1 | Entered Level 1 of the Shoals
 14981 | Shoals:1 | Reached XP level 12. HP: 49/66 MP: 23/25
 15132 | Shoals:1 | Noticed a merfolk avatar
 15436 | Lair:4   | Noticed a seven-headed hydra
 15442 | Lair:4   | Killed a seven-headed hydra
 15453 | Lair:4   | Reached *** piety under Vehumet
 15692 | Lair:4   | Got an encrusted arbalest
 15693 | Lair:4   | Identified the +10 arbalest "Ronoset" {freeze, +Fly rN+++
                  | Dex-5 Stlth-} (You found it on level 4 of the Lair of
                  | Beasts)
 16039 | Lair:4   | Offered knowledge of Inner Flame by Vehumet.
 16177 | Lair:3   | Reached skill level 5 in Fighting
 16177 | Lair:3   | Reached skill level 5 in Armour
 16177 | Lair:3   | Reached skill level 10 in Spellcasting
 16328 | Lair:4   | Reached skill level 5 in Conjurations
 17360 | Lair:5   | Noticed a seven-headed hydra
 17364 | Lair:5   | Killed a seven-headed hydra
 17479 | Lair:4   | Reached skill level 5 in Maces & Flails
 17720 | Lair:5   | Noticed a five-headed hydra
 17729 | Lair:5   | Killed a five-headed hydra
 17729 | Lair:5   | Reached skill level 16 in Earth Magic
 18150 | Lair:5   | Reached **** piety under Vehumet
 18155 | Lair:5   | Reached XP level 13. HP: 74/74 MP: 20/27
 18169 | Lair:5   | Offered knowledge of Bolt of Magma by Vehumet.
 18213 | Lair:5   | Learned a level 5 spell: Bolt of Magma
 18250 | Lair:5   | Found a viscous altar of Jiyva.
 18250 | Lair:5   | Found a staircase to the Slime Pits.
 18926 | Lair:6   | Entered Level 6 of the Lair of Beasts
 18935 | Lair:6   | Reached skill level 1 in Fire Magic
 19327 | Lair:6   | Reached skill level 5 in Dodging
 20363 | Lair:6   | Noticed a fire dragon
 20409 | Lair:6   | HP: 2/75 [something/blast of flame (23)]
 20435 | Lair:6   | Got a brightly glowing lapis lazuli ring
 20657 | Lair:6   | Identified the ring of the Good {*Drain rF- rC++ Str+3
                  | Dex+10 Stlth+} (You found it on level 6 of the Lair of
                  | Beasts)
 20764 | Lair:6   | Found a runed translucent door.
 20765 | Lair:6   | Noticed an ice dragon
 20952 | Lair:6   | Reached ***** piety under Vehumet
 20957 | Lair:6   | Offered knowledge of Force Lance by Vehumet.
 21350 | Lair:6   | Gained mutation: Your large and strong wings let you fly
                  | indefinitely. [Gargoyle growth]
 21350 | Lair:6   | Reached XP level 14. HP: 72/80 MP: 7/29
 22147 | D:9      | Reached skill level 17 in Earth Magic
 22697 | D:10     | Entered Level 10 of the Dungeon
 23373 | D:10     | Got a shimmering ring mail
 23374 | D:10     | Identified the +9 ring mail "Hualeit" {-Cast +Blink rElec
                  | Str+4} (You found it on level 10 of the Dungeon)
 23836 | D:11     | Reached skill level 1 in Shields
 24463 | D:11     | Offered knowledge of Fireball by Vehumet.
 25733 | D:12     | Found a staircase to the Orcish Mines.
 26249 | Orc:1    | Entered Level 1 of the Orcish Mines
 26349 | Orc:2    | Entered Level 2 of the Orcish Mines
 27408 | Orc:2    | Found a staircase to the Elven Halls.
 27450 | Orc:2    | Noticed Donald
 27468 | Orc:2    | Killed Donald
 27819 | Orc:2    | Found Tiwoca's Weapon Emporium.
 28086 | Orc:2    | Found a large runed translucent door.
 28119 | Orc:2    | Found a radiant altar of Vehumet.
 28119 | Orc:2    | Found a large runed translucent door.
 28152 | Orc:2    | Found Qailum's General Store.
 28153 | Orc:2    | Found Guruntell's Food Shop.
 28174 | Orc:2    | Reached XP level 15. HP: 79/88 MP: 3/31
 28669 | Orc:2    | Bought a scroll of identify for 30 gold pieces
 28669 | Orc:2    | Bought a scroll of fear for 52 gold pieces
 28669 | Orc:2    | Bought a scroll of teleportation for 45 gold pieces
 28671 | Orc:2    | Bought a ration for 70 gold pieces
 28671 | Orc:2    | Bought a ration for 70 gold pieces
 28671 | Orc:2    | Bought a ration for 70 gold pieces
 28671 | Orc:2    | Bought a ration for 70 gold pieces
 29701 | Orc:2    | Found Eduidu's Gadget Shoppe.
 29701 | Orc:2    | Found Vuss's Antique Armour Emporium.
 29701 | Orc:2    | Found a one-way gate leading to the halls of Pandemonium.
 29711 | Orc:2    | Bought a scorched leather armour for 189 gold pieces
 29711 | Orc:2    | Bought a runed helmet for 202 gold pieces
 29756 | Orc:2    | Noticed Zaque's ghost (journeyman TrHu)
 29769 | Orc:2    | Killed Zaque's ghost
 29910 | Orc:2    | Identified the +0 leather armour of the Fife {rF+} (You
                  | bought it in a shop on level 2 of the Orcish Mines)
 30116 | Orc:1    | Found a transporter.
 30116 | Orc:1    | Found a transporter.
 30181 | Orc:1    | Noticed an orc warlord
 30185 | Orc:1    | Found a roughly hewn altar of Beogh.
 30277 | Orc:1    | Found a roughly hewn altar of Beogh.
 30405 | Orc:1    | Noticed Sonja
 30415 | Orc:1    | Killed Sonja
 31095 | D:13     | Found Rouhyri's Weapon Boutique.
 31182 | D:13     | Reached skill level 5 in Fire Magic
 31738 | D:13     | Reached ****** piety under Vehumet
 32719 | D:14     | Found a glowing golden altar of the Shining One.
 33030 | D:14     | Offered knowledge of Conjure Ball Lightning by Vehumet.
 33523 | D:14     | Found a gate to the Vaults.
 33717 | D:15     | Entered Level 15 of the Dungeon
 33860 | D:15     | Found a sacrificial altar of Ru.
 33934 | D:15     | Reached skill level 18 in Earth Magic
 34121 | D:15     | Noticed Jorgrun
 34135 | D:15     | Killed Jorgrun
 34775 | D:15     | Reached XP level 16. HP: 65/94 MP: 28/32
 34777 | D:15     | Found a staircase to the Depths.
 34890 | Depths:1 | Entered Level 1 of the Depths
 35618 | Elf:1    | Entered Level 1 of the Elven Halls
 36183 | Elf:1    | Reached skill level 5 in Shields
 36237 | Elf:1    | Offered knowledge of Poison Arrow by Vehumet.
 36766 | Elf:1    | Identified the Volume of Malediction
 38238 | Elf:1    | Found a runed translucent gate.
 38238 | Elf:1    | Found a runed translucent gate.
 38238 | Elf:1    | Found a runed translucent gate.
 38238 | Elf:1    | Found a runed translucent gate.
 38238 | Elf:1    | Found a runed translucent gate.
 38239 | Elf:1    | Found a runed translucent gate.
 38240 | Elf:1    | Noticed a storm dragon
 39176 | Elf:2    | Reached skill level 1 in Evocations
 39237 | Elf:2    | Reached XP level 17. HP: 100/100 MP: 30/34
 40046 | Elf:2    | Found Neeshedaot's Distillery.
 40054 | Elf:2    | Bought a potion of ambrosia for 120 gold pieces
 40054 | Elf:2    | Bought a potion of berserk rage for 75 gold pieces
 40054 | Elf:2    | Bought a potion of heal wounds for 75 gold pieces
 40745 | Elf:2    | Reached skill level 19 in Earth Magic
 41062 | Elf:2    | Found a huge runed translucent gate.
 41062 | Elf:2    | Found a huge runed translucent gate.
 41062 | Elf:2    | Found a huge runed translucent gate.
 41063 | Elf:2    | Found a huge runed translucent gate.
 41063 | Elf:2    | Found a huge runed translucent gate.
 41676 | Elf:2    | Offered knowledge of Bolt of Cold by Vehumet.
 41742 | Elf:2    | Noticed a deep elf blademaster
 41746 | Elf:2    | Killed a deep elf blademaster
 41746 | Elf:2    | Reached skill level 10 in Armour
 42590 | Elf:3    | Entered Level 3 of the Elven Halls
 42606 | Elf:3    | Reached skill level 10 in Conjurations
 42611 | Elf:3    | Reached skill level 10 in Fighting
 43518 | Elf:3    | Found a deep blue altar of Sif Muna.
 43727 | Elf:3    | Noticed Aizul
 43765 | Elf:3    | Killed Aizul
 43963 | Elf:3    | Noticed a deep elf master archer
 43971 | Elf:3    | Killed a deep elf master archer
 43971 | Elf:3    | Reached XP level 18. HP: 67/107 MP: 19/35
 44045 | Elf:3    | Noticed Louise
 44049 | Elf:3    | Killed Louise
 44058 | Elf:3    | Noticed a deep elf master archer
 44062 | Elf:3    | Killed a deep elf master archer
 44062 | Elf:3    | Noticed a deep elf blademaster
 44357 | Elf:3    | Noticed a deep elf blademaster
 44361 | Elf:3    | Killed a deep elf blademaster
 44367 | Elf:3    | Killed a deep elf blademaster
 44367 | Elf:3    | Noticed a deep elf master archer
 44370 | Elf:3    | Killed a deep elf master archer
 44607 | Elf:3    | Identified the +10 great sword "Fietagel" {slice, +Blink
                  | rElec rF+ MR-}
 44752 | Elf:3    | Identified the +7 ring mail of the Dice {rElec rCorr Dex-3}
 44752 | Elf:3    | Noticed a deep elf master archer
 44766 | Elf:3    | Killed a deep elf master archer
 44869 | Elf:3    | Found the +6 arbalest "Damnation" {damnation}
 44937 | Elf:3    | Noticed a deep elf master archer
 44937 | Elf:3    | Noticed a deep elf master archer
 44937 | Elf:3    | Noticed a deep elf blademaster
 44939 | Elf:3    | Noticed a deep elf blademaster
 44942 | Elf:3    | Killed a deep elf blademaster
 44943 | Elf:3    | Killed a deep elf master archer
 44944 | Elf:3    | Killed a deep elf master archer
 44950 | Elf:3    | Killed a deep elf blademaster
 45145 | Elf:3    | Got a translucent iron ring
 45150 | Elf:3    | Identified the Volume of Flight
 45202 | Elf:3    | Identified the ring of the Traitor {Fire Str+4 Int+2} (You
                  | found it on level 3 of the Elven Halls)
 45251 | Elf:3    | Identified a +0 pair of boots of running (You found it on
                  | level 3 of the Elven Halls)
 45260 | Elf:3    | Got a polished leather armour
 45271 | Elf:3    | Identified the +2 leather armour of Ivaipp {rPois rC++ rN+
                  | Int-3} (You found it on level 3 of the Elven Halls)
 45326 | Elf:3    | Identified Dirghiypp's Incunabulum of the Helpful Voyage
 45408 | Elf:3    | Got a heavily runed chain mail
 45414 | Elf:3    | Identified the +1 chain mail of the Gardener {rElec rN+ MR+
                  | MP+9} (You found it on level 3 of the Elven Halls)
 45436 | Elf:3    | Identified the ring of Xuasecar {*Tele MP+9 Int+4} (You
                  | found it on level 3 of the Elven Halls)
 45795 | Elf:2    | Learned a level 6 spell: Iron Shot
 46173 | Snake:1  | Entered Level 1 of the Snake Pit
 46891 | Snake:1  | Learned a level 9 spell: Shatter
 46942 | Snake:1  | Offered knowledge of Freezing Cloud by Vehumet.
 47190 | Snake:1  | Reached skill level 20 in Earth Magic
 48021 | Snake:2  | Reached XP level 19. HP: 112/113 MP: 16/37
 48307 | Snake:2  | Found Ceserhea's Weapon Emporium.
 48311 | Snake:2  | Found Fyoz Lavye's Assorted Antiques.
 48312 | Snake:2  | Found Pecvirhu's Antique Weapon Emporium.
 48321 | Snake:2  | Bought a scroll of fog for 52 gold pieces
 48321 | Snake:2  | Bought a potion of heal wounds for 130 gold pieces
 48779 | Snake:2  | Got a brightly glowing chain mail
 48790 | Snake:2  | Identified the cursed +0 chain mail of Proximity {*Drain
                  | Regen+ Str+9 Dex-2} (You found it on level 2 of the Snake
                  | Pit)
 49195 | Snake:2  | Noticed Roxanne
 49200 | Snake:2  | Killed Roxanne
 50208 | Snake:3  | Reached skill level 21 in Earth Magic
 50429 | Snake:3  | Reached skill level 15 in Spellcasting
 51404 | Snake:4  | Entered Level 4 of the Snake Pit
 51453 | Snake:3  | Offered knowledge of Ozocubu's Refrigeration by Vehumet.
 51869 | Snake:4  | Found a runed translucent gate.
 51869 | Snake:4  | Found a runed translucent gate.
 51869 | Snake:4  | Found an opulent altar of Gozag.
 51896 | Snake:4  | Found a runed translucent gate.
 51897 | Snake:4  | Noticed skumtomte's ghost (adept MiBe)
 51898 | Snake:4  | Found Eshuqeth's Assorted Antiques.
 51966 | Snake:4  | Killed skumtomte's ghost
 51996 | Snake:4  | Bought a scroll of identify for 64 gold pieces
 51996 | Snake:4  | Bought a scroll of identify for 64 gold pieces
 52214 | Snake:4  | Got a heavily runed jade ring
 52215 | Snake:4  | Identified the ring of Acyjad {rPois rF- rC+ rN+ Int+9}
                  | (You found it on level 4 of the Snake Pit)
 52744 | Snake:4  | Reached skill level 22 in Earth Magic
 52749 | Snake:4  | Reached XP level 20. HP: 106/119 MP: 11/39
 53063 | Snake:4  | Offered knowledge of Lehudib's Crystal Spear by Vehumet.
 53063 | Snake:4  | Offered knowledge of Fire Storm by Vehumet.
 53063 | Snake:4  | Offered knowledge of Chain Lightning by Vehumet.
 53093 | Snake:4  | Noticed Vashnia
 53387 | Snake:3  | Learned a level 8 spell: Lehudib's Crystal Spear
 53395 | Snake:4  | Killed Vashnia
 53774 | Snake:4  | Got a serpentine rune of Zot
 56091 | Shoals:3 | Found a frozen archway.
 56111 | IceCv    | Entered an ice cave
 58012 | Shoals:3 | Reached skill level 23 in Earth Magic
 58096 | Shoals:3 | Noticed Polyphemus
 58103 | Shoals:3 | Killed Polyphemus
 58892 | Shoals:4 | Entered Level 4 of the Shoals
 59011 | Shoals:4 | Noticed Mara
 59014 | Shoals:4 | Noticed Jorbantar's illusion
 60915 | Shoals:4 | Identified the +8 spear "Kickaokh" {elec, +Inv rPois rF-
                  | Dex+8} (You found it on level 4 of the Shoals)
 60943 | Shoals:4 | Reached XP level 21. HP: 123/123 MP: 25/40
 61028 | Shoals:3 | Reached skill level 24 in Earth Magic
 61447 | Shoals:4 | Noticed Jorbantar's illusion
 61625 | Shoals:4 | Noticed Jorbantar's illusion
 61626 | Shoals:4 | Killed Mara
 62211 | Shoals:4 | Got a barnacled rune of Zot
 62860 | Vaults:1 | Entered Level 1 of the Vaults
 63504 | Vaults:1 | Reached skill level 25 in Earth Magic
 64916 | Vaults:2 | Found a staircase to the Crypt.
 65013 | Vaults:2 | Reached skill level 26 in Earth Magic
 65170 | Vaults:2 | Found Veddaadgh's Gadget Shoppe.
 65552 | Vaults:2 | Found a portal to a secret trove of treasure.
 66088 | Vaults:3 | Reached XP level 22. HP: 128/128 MP: 41/41
 66698 | Vaults:3 | Reached skill level 27 in Earth Magic
 66748 | Vaults:3 | Reached skill level 10 in Maces & Flails
 67684 | Vaults:3 | Found Vaiminut's Distillery.
 67692 | Vaults:3 | Bought a potion of cancellation for 128 gold pieces
 67692 | Vaults:3 | Bought 2 potions of curing for 96 gold pieces
 68710 | Vaults:4 | Got a crude war axe
 68711 | Vaults:4 | Identified the cursed +0 war axe of Coalab {chop, Str+4}
                  | (You found it on level 4 of the Vaults)
 68761 | Vaults:4 | Reached XP level 23. HP: 120/136 MP: 7/43
 70116 | Vaults:5 | Entered Level 5 of the Vaults
 70131 | Vaults:5 | Reached skill level 10 in Dodging
 70436 | Vaults:5 | Reached skill level 10 in Shields
 70437 | Vaults:5 | Noticed an ancient lich
 70439 | Vaults:5 | Reached XP level 24. HP: 97/144 MP: 40/43
 70439 | Vaults:5 | Killed an ancient lich
 70935 | Vaults:5 | Identified the +10 dagger of Instinct {flame, SInv}
 71109 | Vaults:5 | Identified Sif Muna's Grimoire of Dusty Companions
 71111 | Vaults:5 | Identified Rakurun's Guide on Changing
 71243 | Vaults:5 | Got a pitted ring mail
 71244 | Vaults:5 | Identified the +1 ring mail of Resourcefulness {*Slow +Inv
                  | Int+5 Slay+4} (You found it on level 5 of the Vaults)
 71361 | Vaults:5 | Got a silver rune of Zot
 71648 | Vaults:5 | Identified the +7 plate armour "Koidos" {Str+7} (You found
                  | it on level 5 of the Vaults)
 71807 | Vaults:5 | Found Hoiskaepn's Assorted Antiques.
 71841 | Vaults:5 | Bought a scroll of identify for 66 gold pieces
 71951 | Vaults:5 | Identified the +5 dagger of Defiance {pierce, *Noise rElec
                  | rF+ rC+} (You found it on level 5 of the Vaults)
 72650 | Depths:1 | Identified the +6 dagger of Purpose {pierce, rElec}
 72661 | Depths:1 | Identified the amulet "Orij" {Gourm Str+4 Int-4}
 72672 | Depths:1 | Noticed Nikola
 72676 | Depths:1 | Killed Nikola
 73412 | Depths:1 | Identified the ring of Suspected Treachery {rElec rPois MR+
                  | Dex+2} (You found it on level 1 of the Depths)
 73414 | Depths:1 | Identified the +0 pair of boots of Life {Regen+} (You found
                  | it on level 1 of the Depths)
 73468 | Depths:1 | Found a gateway to a ziggurat.
 73494 | Depths:1 | Found a gateway to Hell.
 73529 | Depths:1 | Found a runed translucent gate.
 73531 | Depths:1 | Noticed PeterQ's ghost (adept GnAs)
 73539 | Depths:1 | Found a runed translucent gate.
 73540 | Depths:1 | Found a runed translucent gate.
 73580 | Depths:1 | Found Kaolofon's Magic Scroll Boutique.
 73589 | Depths:1 | Bought a scroll of identify for 26 gold pieces
 73589 | Depths:1 | Bought a scroll of identify for 26 gold pieces
 73589 | Depths:1 | Bought a scroll of identify for 26 gold pieces
 73589 | Depths:1 | Bought a scroll of identify for 26 gold pieces
 73652 | Depths:1 | Reached skill level 15 in Armour
 73881 | Depths:1 | Killed PeterQ's ghost
 73882 | Depths:1 | Reached XP level 25. HP: 108/152 MP: 25/44
 74023 | Hell     | Entered the Vestibule of Hell
 74023 | Hell     | Noticed Geryon
 74033 | Hell     | Killed Geryon
 74142 | Hell     | Found a gateway to the ashen valley of Gehenna.
 74220 | Hell     | Found a gateway to the Iron City of Dis.
 74340 | Hell     | Found a gateway to the freezing wastes of Cocytus.
 74390 | Hell     | Found a gateway to the decaying netherworld of Tartarus.
 74865 | Depths:2 | Noticed a juggernaut
 74866 | Depths:2 | Identified the amulet "Koxzyog" {Acrobat Str+7 Int+2
                  | Slay-4}
 74867 | Depths:2 | Killed a juggernaut
 76014 | Depths:2 | Reached skill level 15 in Fighting
 76441 | Depths:2 | Reached XP level 26. HP: 160/160 MP: 33/45
 78314 | Depths:3 | Paralysed by a floating eye for 3 turns
 78326 | Depths:3 | Paralysed by a floating eye for 2 turns
 78333 | Depths:3 | Paralysed by a floating eye for 2 turns
 78775 | Depths:3 | Identified the cursed +1 shortbow "Quclalit" {flame, Int+2}
 78777 | Depths:3 | Noticed Bai Suzhen
 78780 | Depths:3 | Killed Bai Suzhen
 79208 | Depths:3 | Identified the +1 ring mail of Reason {-Tele Regen+ Str+4
                  | Int+4} (You found it on level 3 of the Depths)
 79244 | Depths:3 | Noticed an ancient lich
 79246 | Depths:3 | Killed an ancient lich
 79856 | Depths:3 | Identified the Almanac of Good Luck
 79863 | Depths:3 | Reached XP level 27. HP: 168/168 MP: 45/45
 80278 | Crypt:1  | Entered Level 1 of the Crypt
 80353 | Crypt:1  | Noticed Jory
 80388 | Crypt:1  | Killed Jory
 82659 | Crypt:3  | Entered Level 3 of the Crypt
 82693 | Crypt:3  | Found an ancient bone altar of Kikubaaqudgha.
 82693 | Crypt:3  | Found a basalt altar of Yredelemnul.
 82946 | Crypt:3  | Noticed Margery
 82958 | Crypt:3  | Killed Margery
 82982 | Crypt:3  | Found a staircase to the Tomb.
 83888 | Crypt:3  | Identified the Compendium of Black Arts
 84257 | Tomb:1   | Entered Level 1 of the Tomb of the Ancients
 84306 | Tomb:1   | Noticed a greater mummy
 84307 | Tomb:1   | Noticed a greater mummy
 84309 | Tomb:1   | Killed a greater mummy
 84310 | Tomb:1   | Killed a greater mummy
 84314 | Tomb:1   | Noticed a greater mummy
 84317 | Tomb:1   | Noticed a greater mummy
 84476 | Tomb:1   | Killed a greater mummy
 84476 | Tomb:1   | Reached skill level 15 in Shields
 84477 | Tomb:1   | Noticed a greater mummy
 84484 | Tomb:1   | Noticed a greater mummy
 84635 | Tomb:1   | Killed a greater mummy
 84636 | Tomb:1   | Killed a greater mummy
 84645 | Tomb:1   | Noticed a greater mummy
 84647 | Tomb:1   | Noticed a greater mummy
 84649 | Tomb:1   | Killed a greater mummy
 84650 | Tomb:1   | Killed a greater mummy
 84812 | Tomb:1   | Killed a greater mummy
 85064 | Tomb:1   | Noticed a greater mummy
 85070 | Tomb:1   | Killed a greater mummy
 85097 | Tomb:1   | Noticed a greater mummy
 85157 | Tomb:1   | Killed a greater mummy
 85372 | Tomb:1   | Noticed a greater mummy
 85637 | Tomb:1   | Killed a greater mummy
 86257 | Tomb:1   | Noticed a greater mummy
 86260 | Tomb:1   | Killed a greater mummy
 86579 | Tomb:1   | Noticed a greater mummy
 86583 | Tomb:1   | Noticed a greater mummy
 86584 | Tomb:1   | Killed a greater mummy
 86584 | Tomb:1   | Noticed a greater mummy
 86584 | Tomb:1   | Noticed a greater mummy
 86589 | Tomb:1   | Noticed a greater mummy
 86590 | Tomb:1   | Noticed a greater mummy
 86602 | Tomb:1   | HP: 3/172 [the power of Zot (29)]
 86604 | Tomb:1   | Killed by the power of Zot

Levels and vault maps discovered:
D:1:      dpeg_arrival_line_fractal, layout_basic, minmay_misc_feat_encased
D:2:      layout_basic, serial_forest, infiniplex_forest_clump_curved,
          infiniplex_forest_zigzag_1, infiniplex_forest_straight_2,
          infiniplex_forest_fountain, infiniplex_forest_clump_C,
          infiniplex_forest_lined_ring, infiniplex_forest_lined_3,
          infiniplex_forest_lined_corner, infiniplex_forest_straight_3,
          chequers_ecumenical_altar_simple, minmay_misc_feat_room
D:3:      layout_rooms, first_ration, lemuel_blue_sif_altar
D:4:      layout_basic
D:5:      layout_basic, basic_altar, gup_sewer_entry_glass,
          minmay_misc_feat_rows
D:6:      layout_basic, minmay_temple_entry_overgrown, hex_tiny,
          kennysheep_minor_cross, lemuel_oklob_altar
D:7:      layout_basic, lemuel_doored_altar, grunt_decor_fettered, uniq_joseph
D:8:      layout_basic, dpeg_oklobed_lair
D:9:      layout_rooms
D:10:     layout_loops_ring
D:11:     layout_roguey, grunt_tough_drop
D:12:     layout_layer_cave, orc_0_dummy
D:13:     layout_basic, serial_shops, shop, hangedman_fish_farm
D:14:     layout_roguey, david_vaults_5, tso_altar,
          chequers_serial_rivers_small_b
D:15:     grunt_enter_depths_snipers, layout_gridville, hangedman_ru_absence,
          uniq_jorgrun
Temple:   kilobyte_greek_temple
Lair:1:   layout_roguey, serial_bayou_shore_a
Lair:2:   layout_hall_layers
Lair:3:   layout_chaotic_city, minmay_shoals_entry_centaurs,
          minmay_snake_entry_guardpost_small, infiniplex_staircase_pool
Lair:4:   layout_regular_city, grunt_megastairs_5, lemuel_fruit_tree
Lair:5:   onia_ninara_swampy_vault, layout_regular_city,
          dpeg_slime_entry_enclosed_altar
Lair:6:   wormcave, layout_regular_city, guppyfry_lair_end_dragon
Shoals:1: layout_shoals
Shoals:2: layout_shoals
Shoals:3: layout_shoals, portal_ice_cave_entry_dragon, uniq_polyphemus
Shoals:4: shoals_end_hangedman, layout_shoals, nicolae_shoals_water_shrine,
          uniq_mara
Snake:1:  layout_honeycomb, nicolae_snake_squiggles
Snake:2:  layout_misc_corridors, st_stairs_2, minmay_shop_star, uniq_roxanne
Snake:3:  layout_cave_town
Snake:4:  johnstein_snake_rune_scales, layout_onion, ebering_ghost_gozag,
          nrook_loot_triangle
Orc:1:    gammafunk_beogh_shrine, layout_caves, basic_altar, uniq_sonja
Orc:2:    pf_orc_diabolical, layout_diamond_mine, ebering_ghost_disaster_area,
          basic_altar, serial_shops, shop, guppyfry_library_mini, uniq_donald
Elf:1:    eino_elf_arrival_customs, layout_loops_corners, orc_legates
Elf:2:    layout_loops_corners, serial_shops, shop
Elf:3:    minmay_elf_hall, layout_geoelf_castle, serial_glass, glass_columns_b,
          glass_columns_b, basic_altar, minmay_misc_feat_five,
          serial_sigils_hangedman_leer, uniq_louise, uniq_aizul
Vaults:1: nicolae_vaults_shelves_hall, hangedman_vaults_restitches,
          vaults_room_semicircle, ontoclasm_vaults_idyll,
          ontoclasm_vaults_shout, nicolae_vaults_hallways_thing, v_rooms_3,
          vaults_room_large_hall, grunt_vaults_hallway_long,
          nicolae_vaults_theta, hangedman_vaults_nodes,
          vaults_room_grunt_arrival_ludios, nicolae_vaults_asterisk,
          layout_vaults_big_cross
Vaults:2: minmay_crypt_entry_simple_plaza, hangedman_vaults_snaps,
          ontoclasm_vaults_bender, hangedman_vaults_river_flow,
          vaults_standard_mumra_x, vaults_room_hangedman_quadrants,
          nicolae_vaults_yaktaur_gun_rack, layout_vaults_omnigrid, serial_shops,
          shop, enter_trove_3
Vaults:3: kb_rosetta, nicolae_vaults_little_squares_5,
          vaults_standard_mumra_lines, v_misc_27, v_alt_pattern_2, serial_ice_m,
          ontoclasm_vaults_twist, hangedman_vaults_stitches, v_rooms_2,
          ontoclasm_vaults_gateway, v_alt_pattern_2, vaults_dpeg_hooks,
          layout_vaults_ring, serial_shops, shop
Vaults:4: hangedman_vaults_hat, vaults_mumra_hex, v_misc_22,
          nicolae_vaults_windows_and_doors_thing,
          ontoclasm_vaults_loading_screen, nicolae_vaults_little_squares_1,
          ontoclasm_vaults_hangar, nicolae_vaults_diagonal_hallway_8, v_misc_29,
          nicolae_vaults_little_squares_6, nicolae_vaults_diagonal_hallway_6,
          hangedman_vaults_trim, v_alt_pattern_3, vaults_room_stairs_pillars,
          layout_vaults_maze_snakey
Vaults:5: serial_shops
Crypt:1:  layout_catacombs, uniq_jory
Crypt:2:  layout_regular_city, minivault_4
Crypt:3:  lightli_unholy_cathedral, layout_chaotic_city,
          tomb_entry_moat_badplayer, minmay_strange_pillars, uniq_margery
Tomb:1
Depths:1: layout_cave_shapes, enter_ziggurat_c, grunt_pan_entry_sceptre,
          gammafunk_ghost_split, hell_entry, serial_shops, shop_fountains,
          minmay_multi_spiral, grunt_megastairs_3, uniq_nikola
Depths:2: little_maze_vault, layout_cross, pf_hell_entry_tar_spiral,
          roderic_lattice_octagonal_star, kennysheep_inner_square
Depths:3: lemuel_river_lethe, hell_entry, pan_entry, uniq_bai_suzhen
Hell

Skill      XL: |  1  2  3  4  5  6  7  8  9 10 11 12 13 14 15 16 17 18 19 20 21 22 23 24 25 26 27 |
---------------+----------------------------------------------------------------------------------+-----
Earth Magic    | 4 5 7 9 11 13 14 15 16 17 18 19 20 22 23 26 27 | 27.0
Spellcasting   | 3 4 5 6 7 8 9 10 11 12 13 14 15 16 17 18 19 | 19.3
Fighting       | 2 4 5 6 7 8 9 10 11 12 13 15 17 | 17.4
Maces & Flails | 2 3 5 6 7 8 9 10 11 12 13 | 13.2
Armour         | 2 4 5 6 7 8 9 10 11 12 13 14 15 16 18 | 18.3
Conjurations   | 2 4 5 6 7 8 9 10 | 10.8
Dodging        | 2 3 4 5 6 7 8 9 10 11 12 14 | 14.0
Fire Magic     | 2 4 5 6 7 8 |  8.0
Shields        | 2 4 5 6 8 10 11 13 15 | 15.7
Evocations     | 1 3 4 |  4.5
Necromancy     | 4 |  4.0
Stealth        | |  2.4
Transmutations | |  0.7

Action                   |  1- 3 |  4- 6 |  7- 9 | 10-12 | 13-15 | 16-18 | 19-21 | 22-24 | 25-27 || total
-------------------------+-------+-------+-------+-------+-------+-------+-------+-------+-------++-------
Melee: Whip              |   171 |   288 |       |       |       |       |       |       |       ||   459
       Unarmed           |     7 |       |       |       |       |       |       |       |       ||     7
       Trident           |       |    17 |   329 |    71 |       |       |       |       |       ||   417
       Mace              |       |       |       |   326 |   679 |   229 |   696 |   109 |   154 ||  2193
       Staff             |       |       |       |       |       |       |       |       |   157 ||   157
Throw: Stone             |       |       |       |       |       |       |       |       |     1 ||     1
 Cast: Sandblast         |    11 |    56 |    49 |   128 |   338 |   126 |    35 |     5 |    43 ||   791
       Lee's Rapid Decon |       |       |    13 |    65 |   219 |   314 |   245 |    35 |    14 ||   905
       Stone Arrow       |       |       |       |     6 |    40 |    30 |     5 |       |       ||    81
       Throw Flame       |       |       |       |     1 |       |       |       |       |       ||     1
       Petrify           |       |       |       |     5 |     4 |       |     2 |       |       ||    11
       Bolt of Magma     |       |       |       |       |    21 |     5 |       |       |       ||    26
       Iron Shot         |       |       |       |       |       |    24 |   310 |    61 |   136 ||   531
       Shatter           |       |       |       |       |       |       |    14 |   145 |   278 ||   437
       Lehudib's Crystal |       |       |       |       |       |       |       |     2 |    14 ||    16
 Abil: Fly               |       |       |       |       |       |     1 |       |       |       ||     1
Evoke: Wand              |       |       |     6 |     3 |       |     3 |       |     2 |       ||    14
       Sack of spiders   |       |       |       |       |     2 |     4 |     3 |       |     4 ||    13
       Lamp of fire      |       |       |       |       |       |     2 |     3 |       |       ||     5
       Lightning rod     |       |       |       |       |       |       |     4 |       |     4 ||     8
       Box of beasts     |       |       |       |       |       |       |     3 |       |     2 ||     5
       Phial of floods   |       |       |       |       |       |       |       |     1 |     2 ||     3
       Horn of Geryon    |       |       |       |       |       |       |       |       |     3 ||     3
       Fan of gales      |       |       |       |       |       |       |       |       |     2 ||     2
       Crystal ball of e |       |       |       |       |       |       |       |       |     2 ||     2
  Use: Scroll            |       |     1 |    13 |    10 |    20 |    12 |    13 |    13 |     9 ||    91
       Potion            |       |       |     2 |     2 |     6 |     6 |     3 |     2 |     5 ||    26
 Stab: Sleeping          |     6 |     6 |     6 |     1 |     1 |       |       |       |       ||    20
       Distracted        |       |       |     1 |       |     1 |     1 |       |       |     1 ||     4
       Petrified         |       |       |       |     5 |       |       |       |       |       ||     5
       Petrifying        |       |       |       |     1 |       |       |       |       |       ||     1
  Eat: Chunk             |     3 |    11 |     8 |    28 |    62 |    30 |    34 |    45 |    19 ||   240
       Ration            |       |       |     3 |     4 |     4 |     6 |     9 |     6 |     7 ||    39
Armor: Robe              |    83 |    95 |   248 |   243 |       |       |       |       |       ||   669
       Leather armour    |       |       |       |    43 |    75 |       |       |       |       ||   118
       Acid dragon scale |       |       |       |       |   496 |   151 |       |       |       ||   647
       Chain mail        |       |       |       |       |       |   123 |   628 |   107 |   310 ||  1168
Dodge: Dodged            |   125 |   170 |   330 |   349 |   781 |   291 |   548 |    92 |   303 ||  2989
Block: Buckler           |       |       |       |       |       |    59 |   202 |    47 |   171 ||   479
       Reflection        |       |       |       |       |       |       |       |     1 |     6 ||     7
       Shield            |       |       |       |       |       |       |       |       |    71 ||    71

Table legend:
 A = Non-vault XP
 B = Vault XP
 C = Vault XP percentage of total XP
 D = Non-vault monster count
 E = Vault monster count
 F = Vault count percentage of total count
                 A         B        C        D         E       F
            +---------+---------+-------+---------+---------+-------
      Total |  586711 |  845069 |  59.0 |    1414 |    1026 |  42.0
            +---------+---------+-------+---------+---------+-------
        D:1 |      39 |       0 |   0.0 |      23 |       0 |   0.0
        D:2 |      85 |       0 |   0.0 |      25 |       0 |   0.0
        D:3 |     187 |       0 |   0.0 |      33 |       0 |   0.0
        D:4 |     411 |       0 |   0.0 |      22 |       0 |   0.0
        D:5 |     440 |      17 |   3.7 |      14 |       3 |  17.6
        D:6 |    1350 |       0 |   0.0 |      21 |       0 |   0.0
        D:7 |    1437 |     430 |  23.0 |      35 |       1 |   2.8
        D:8 |    1399 |       0 |   0.0 |      19 |       0 |   0.0
        D:9 |    3796 |       0 |   0.0 |      31 |       0 |   0.0
       D:10 |    4180 |       0 |   0.0 |      33 |       0 |   0.0
       D:11 |    4359 |    1995 |  31.4 |      34 |       6 |  15.0
       D:12 |    4441 |       0 |   0.0 |      47 |       0 |   0.0
       D:13 |    8685 |     317 |   3.5 |      26 |       1 |   3.7
       D:14 |    6970 |     969 |  12.2 |      31 |       1 |   3.1
       D:15 |   13584 |    6164 |  31.2 |      25 |       5 |  16.7
     Lair:1 |    3778 |       0 |   0.0 |      17 |       0 |   0.0
     Lair:2 |    3335 |     115 |   3.3 |      16 |       1 |   5.9
     Lair:3 |    4237 |     978 |  18.8 |      18 |       7 |  28.0
     Lair:4 |    7169 |    1298 |  15.3 |      28 |       7 |  20.0
     Lair:5 |    3818 |    3905 |  50.6 |      16 |       7 |  30.4
     Lair:6 |   11868 |    8574 |  41.9 |      36 |      31 |  46.3
   Shoals:1 |   10574 |       0 |   0.0 |      26 |       0 |   0.0
   Shoals:2 |    7726 |       0 |   0.0 |      16 |       0 |   0.0
   Shoals:3 |    8200 |    9033 |  52.4 |      20 |       9 |  31.0
   Shoals:4 |   16061 |   36512 |  69.5 |      32 |      43 |  57.3
    Snake:1 |   19286 |       0 |   0.0 |      37 |       0 |   0.0
    Snake:2 |   21333 |    3950 |  15.6 |      38 |       3 |   7.3
    Snake:3 |   29515 |     508 |   1.7 |      59 |       1 |   1.7
    Snake:4 |   20348 |   38585 |  65.5 |      40 |      67 |  62.6
      Orc:1 |     684 |     934 |  57.7 |      19 |       3 |  13.6
      Orc:2 |    2003 |   19337 |  90.6 |      24 |      69 |  74.2
      Elf:1 |   21689 |   14396 |  39.9 |      37 |      28 |  43.1
      Elf:2 |   31201 |   25884 |  45.3 |      46 |      32 |  41.0
      Elf:3 |   17256 |   45968 |  72.7 |      26 |      25 |  49.0
   Vaults:1 |   27065 |   20854 |  43.5 |      54 |      26 |  32.5
   Vaults:2 |   13948 |   12436 |  47.1 |      22 |      16 |  42.1
   Vaults:3 |   40056 |   34767 |  46.5 |      55 |      43 |  43.9
   Vaults:4 |   42767 |   29866 |  41.1 |      54 |      35 |  39.3
   Vaults:5 |   15734 |  149219 |  90.5 |      28 |     106 |  79.1
    Crypt:1 |   21821 |    3458 |  13.7 |      43 |       1 |   2.3
    Crypt:2 |   13488 |       0 |   0.0 |      22 |       0 |   0.0
    Crypt:3 |   26922 |   54304 |  66.9 |      34 |      51 |  60.0
     Tomb:1 |    7322 |  113632 |  93.9 |      17 |      47 |  73.4
   Depths:1 |   12495 |   45093 |  78.3 |      15 |      47 |  75.8
   Depths:2 |   59645 |   49428 |  45.3 |      69 |      39 |  36.1
   Depths:3 |     496 |   73296 |  99.3 |       2 |     125 |  98.4
       Hell |   13508 |   28947 |  68.2 |      29 |      47 |  61.8
      Sewer |       0 |     567 | 100.0 |       0 |      35 | 100.0
      IceCv |       0 |    9333 | 100.0 |       0 |      58 | 100.0
            +---------+---------+-------+---------+---------+-------
